Map: Dasan Station LE

Players

Zerghamdi - Winner!

  • Race: Zerg Zerg
  • League: Master

Aegwynn

  • Race: Zerg Zerg
  • League: Master

VOD

https://www.youtube.com/channel/UCcSgNfDNxvyisU-eCj9xyNg/playlists

Description

Time

  • Played on: Aug. 27, 2016, 8:23 a.m.
  • Length: 7:44
Show
View Real Time Build Order
Export as new Build Order

Zerghamdi Zerg - Winner!

Build Orders: Pool First 

Get SALT Encoding   

  12  0:00  Drone  
  13  0:12  Overlord  
  13  0:18  Drone  
  14  0:30  Drone x2  
  16  0:43  Spawning Pool  
  16  0:44  Drone  
  16  0:47  Drone  
  17  1:09  Hatchery  
  16  1:13  Drone  
  16  1:18  Drone, Extractor  
  17  1:26  Drone  
  17  1:30  Zergling x2  
  17  1:32  Queen  
  21  1:39  Overlord  
  21  1:51  Drone  
  22  1:59  Drone  
  23  2:14  Queen  
  25  2:17  Drone  
  25  2:25  Queen  
  25  2:26  Zergling x2  
  28  2:35  Zergling x6  
  31  2:42  Roach Warren  
  30  2:48  Drone x4  
  34  2:55  Overlord  
  34  2:57  Metabolic Boost  
  34  3:06  Overlord x2  
  34  3:12  Extractor  
  33  3:13  Zergling x4  
  35  3:23  Roach  
  35  3:24  Roach  
  35  3:25  Roach x2  
  43  3:27  Drone  
  43  3:28  Drone  
  43  3:33  Roach  
  47  3:36  Roach  
  47  3:41  Roach  
  51  3:42  Drone  
  51  3:47  Roach  
  53  3:54  Ravager  
  54  3:56  Drone x2  
  54  3:57  Drone x2  
  54  4:00  Overlord  
  58  4:07  Overlord  
  58  4:13  Overlord  
  58  4:19  Roach x3  
  64  4:24  Ravager  
  64  4:25  Roach x2  
  64  4:30  Roach  
  71  4:33  Zergling x4  
  71  4:35  Zergling x4  
  71  4:37  Zergling x2  
  69  4:45  Roach  
  66  4:49  Roach  
  68  4:55  Roach x3  
  68  4:58  Zergling x2  
  73  5:01  Zergling x2  
  73  5:07  Roach  
  71  5:13  Roach  
  71  5:19  Roach  
  68  5:24  Roach x3  
  67  5:29  Roach  
  66  5:38  Zergling x2  
  66  5:40  Zergling x2  
  66  5:44  Extractor  
  66  5:46  Roach  
  66  5:49  Roach  
  65  5:52  Roach x3  
  71  6:01  Roach x2  
  71  6:02  Overlord x2  
  70  6:11  Zergling x4  
  67  6:18  Roach  
  67  6:19  Ravager  
  67  6:20  Roach  
  67  6:24  Zergling x6  
  71  6:28  Zergling x4  
  71  6:29  Zergling x2  
  71  6:31  Zergling x2  
  73  6:38  Zergling x2  
  74  6:41  Roach  
  74  6:42  Ravager  
  74  6:46  Hatchery  
  75  6:48  Roach x3  
  75  6:49  Roach  
  75  6:52  Roach  
  77  6:57  Roach x2  
  77  7:00  Zergling x4  
  75  7:04  Roach  
  75  7:10  Roach  
  77  7:18  Roach x4  
Show
View Real Time Build Order
Export as new Build Order

Aegwynn Zerg 

Build Orders: Pool First 

Get SALT Encoding   

  12  0:01  Drone  
  13  0:13  Overlord  
  13  0:17  Drone  
  14  0:32  Drone x2  
  16  0:41  Spawning Pool  
  15  0:43  Drone  
  15  0:48  Drone  
  17  1:10  Hatchery  
  16  1:13  Drone  
  16  1:15  Extractor  
  16  1:17  Drone  
  17  1:23  Drone  
  18  1:30  Queen  
  20  1:37  Overlord  
  20  1:42  Drone  
  21  1:52  Drone  
  22  2:03  Drone  
  22  2:06  Queen  
  25  2:17  Zergling x2  
  26  2:27  Extractor  
  26  2:28  Drone x2  
  28  2:33  Roach Warren  
  27  2:41  Zergling x4  
  27  2:42  Zergling x6  
  32  2:48  Overlord  
  32  3:08  Spine Crawler  
  31  3:13  Roach x3  
  31  3:14  Roach x3  
  31  3:16  Overlord  
  31  3:19  Extractor  
  44  3:20  Roach  
  45  3:37  Roach x2  
  45  3:38  Roach  
  51  3:42  Overlord  
  51  3:52  Overlord x2  
  51  4:02  Roach x3  
  57  4:03  Roach  
  59  4:16  Roach x2  
  63  4:22  Zergling x2  
  63  4:23  Zergling x12  
  67  4:33  Zergling x2  
  63  4:44  Roach x2  
  61  4:48  Drone  
  58  4:54  Roach x2  
  58  4:56  Hatchery  
  57  5:00  Zergling x6  
  57  5:01  Zergling x2  
  53  5:10  Roach x2  
  51  5:24  Roach, Zergling x4  
  51  5:25  Zergling x4  
  54  5:35  Roach  
  51  5:38  Queen  
  51  5:40  Drone x3  
  51  5:41  Extractor  
  53  5:52  Zergling x6  
  53  5:53  Zergling x2  
  55  6:02  Roach x2  
  53  6:11  Roach x2  
  53  6:12  Roach  
  53  6:18  Roach  
  60  6:20  Drone x2  
  60  6:21  Drone  
  60  6:25  Roach x2  
  60  6:34  Roach x2  
  64  6:43  Roach x2  
  58  6:59  Roach x3  
  56  7:01  Roach, Zergling x10  
  51  7:17  Roach  
  51  7:18  Roach, Zergling x2  
  41  7:25  Roach  
Tags
 
Add a new tag
Caveats
  • Supply blocks, unpowered buildings, or Contaminate may cause inaccurate times.
  • Supply counts are checked every 10 seconds.